 Dungeon Crawl Stone Soup version 0.18.1-50-g88ac8fd (webtiles) character file.

23 Amnesiac the Ducker (level 2, -2/18 HPs)
             Began as a Deep Elf Fighter on Mar 1, 2018.
             Slain by a gnoll
             ... wielding a +0 flail
              (7 damage)
             ... on level 3 of the Dungeon.
             The game lasted 00:01:18 (639 turns).

Amnesiac the Ducker (Deep Elf Fighter)               Turns: 639, Time: 00:01:19

Health: -2/18      AC:  6    Str: 13    XL:     2   Next: 75%
Magic:  4/4        EV:  7    Int: 12    God:
Gold:   23         SH:  8    Dex: 14    Spells: 0 memorised, 1 level left

rFire  . . .     SeeInvis .     a - +0 rapier
rCold  . . .     Gourm    .     g - +0 scale mail (curse)
rNeg   . . .     Faith    .     c - +0 shield
rPois  .         Spirit   .     (no helmet)
rElec  .         Dismiss  .     (no cloak)
rCorr  .         Reflect  .     (no gloves)
SustAt .         Harm     .     (no boots)
MR     .....                    (no amulet)
Stlth  ..........               (no ring)
                                (no ring)

@: slowed, very slow, not resistant to hostile enchantments, extremely
unstealthy
A: no striking features
a: no special abilities


You were on level 3 of the Dungeon.
You were not hungry.

You visited 1 branch of the dungeon, and saw 3 of its levels.

You collected 23 gold pieces.

Inventory:

Hand Weapons
 a - a +0 rapier (weapon)
Missiles
 k - 14 sling bullets
Armour
 c - a +0 shield (worn)
 g - a cursed +0 scale mail (worn)
Jewellery
 e - an uncursed ring of ice
Scrolls
 h - a scroll of teleportation {!r, unknown}
 j - a scroll of magic mapping {!r, unknown}
Potions
 b - a potion of agility {!q, unknown}
 d - a potion of might {!q}
 i - a potion of ambrosia {!q, unknown}
Comestibles
 f - a bread ration


   Skills:
 - Level 2.4 Fighting
 - Level 2.0 Short Blades
 - Level 2.4 Armour
 + Level 3.0 Dodging
 - Level 2.4 Shields


You had one spell level left.
You didn't know any spells.

Dungeon Overview and Level Annotations

Branches:
Dungeon (3/15)

Altars:
Cheibriados

Annotations:
D:2 1 exclusion, Terence


Message History

You aren't carrying any items that you can evoke.
Read which item? (? for menu, Esc to quit)
Okay, then.
Found a stone staircase leading up.
Found a stone staircase leading down.
Terence screams, "I'm going to kill you!"
There is a stone staircase leading down here.
You climb downwards.
A hobgoblin comes into view. It is wielding a club.
There is a stone staircase leading up here.
You block the hobgoblin's attack.
You hit the hobgoblin.
The hobgoblin is severely wounded.
You block the hobgoblin's attack.
Your shield and scale mail prevent you from hitting the hobgoblin.
The hobgoblin is severely wounded.
The hobgoblin hits you but does no damage.
You closely miss the hobgoblin.
The hobgoblin is severely wounded.
The hobgoblin hits you with a club.
You hit the hobgoblin.
You kill the hobgoblin!
Your Dodging skill increases to level 3!
No target in view!
You see here a club.
You open the door.
There is an open door here.
You now have 23 gold pieces (gained 16).
Found 14 sling bullets.
You see here 14 sling bullets.
HP restored.
You open the door.
Found 4 javelins.
There is an open door here.
j - a scroll labeled OSHRAF LIEHY {!r} You open the door. 2 hobgoblins and 2 gnolls come into view.
The gnoll shouts!
The hobgoblin shouts!
Found a snail-covered altar of Cheibriados.
There is an open door here.
You see here 14 sling bullets.
k - 14 sling bullets
There is an open door here.
You barely miss the gnoll. The gnoll hits you with a flail.
You closely miss the gnoll. The gnoll barely misses you.
You hit the gnoll.
The gnoll is moderately wounded.
The gnoll closely misses you.
You hit the gnoll.
The gnoll is severely wounded.
The gnoll hits you with a flail!
Ouch! That really hurt!
* * * LOW HITPOINT WARNING * * *
You see here a club.
There is a stone staircase leading up here.
You open the door. The gnoll hits you with a flail.
* * * LOW HITPOINT WARNING * * *
There is an open door here.
The hobgoblin zaps a wand.
You feel yourself slow down.
It is a wand of slowing.
You hit the gnoll.
The gnoll is almost dead.
You block the gnoll's attack. The gnoll hits you with a flail!
You die...

### ...
##.##
##...##
.....
...######
#........
#@# #g#
##g##
##gg.##
##.....##
##.......##
#.........#
+....<....+
#.........#


You could see 2 gnolls and 2 hobgoblins.

Vanquished Creatures
  An ooze (D:2)
  A giant gecko (D:2)
  A goblin (D:2)
  3 hobgoblins
  A quokka (D:2)
  2 bats (D:2)
  12 rats (D:2)
21 creatures vanquished.

Notes
Turn   | Place    | Note
--------------------------------------------------------------
     0 | D:1      | Amnesiac the Deep Elf Fighter began the quest for the Orb.
     0 | D:1      | Reached XP level 1. HP: 13/13 MP: 3/3
    74 | D:2      | Reached skill level 1 in Dodging
    85 | D:2      | Reached skill level 2 in Dodging
   107 | D:2      | Reached XP level 2. HP: 17/18 MP: 4/4
   528 | D:2      | Noticed Terence
   552 | D:3      | Reached skill level 3 in Dodging
   586 | D:3      | Found a snail-covered altar of Cheibriados.
   639 | D:3      | Slain by a gnoll

Skill      XL: |  1  2 |
---------------+-------+-----
Dodging        | 2 3 |  3.0
Fighting       | |  2.4
Short Blades   | |  2.0
Armour         | |  2.4
Shields        | |  2.4

Action                   || total
-------------------------++-------
Melee: Rapier            ||    83
Armor: Scale mail        ||    47
Dodge: Dodged            ||    16
Block: Shield            ||    35
